 Dungeon Crawl Stone Soup version bcrawl-1.23 (webtiles) character file.

Game seed: 16884316117589900120

91 Delver the Vexing (level 4, -4/32 HPs)
             Began as a Human Arcane Marksman on May 27, 2020.
             Was a Believer of Cheibriados.
             Slain by a bullfrog (8 damage)
             ... on level 2 of the Dungeon.
             The game lasted 00:52:11 (1693 turns).

Delver the Vexing (Human Arcane Marksman)           Turns: 1693, Time: 00:52:12

Health: -4/32      AC:  5    Str: 14    XL:     4   Next: 88%
Magic:  1/7        EV: 13    Int: 18    God:    Cheibriados [**....]
Gold:   123        SH:  0    Dex: 18    Spells: 1/7 levels left

rFire    . . .     SeeInvis .   a - +1 shortbow
rCold    . . .     Gourm    .   (shield currently unavailable)
rNeg     . . .     Faith    .   d - +0 leather armour
rPois    .         Spirit   .   (no helmet)
rElec    .         Reflect  .   (no cloak)
rCorr    .         Harm     .   t - +0 pair of gloves
MR       .....                  j - +0 pair of boots
Stlth    +.........             (no amulet)
HPRegen  0.10/turn              k - ring of flight
MPRegen  0.10/turn              (no ring)

@: very slow
A: no striking features
a: Bend Time, Renounce Religion, Evoke Flight


You were on level 2 of the Dungeon.
You worshipped Cheibriados.
Cheibriados was pleased with you.
You were hungry.

You visited 1 branch of the dungeon, and saw 3 of its levels.

You collected 123 gold pieces.

Inventory:

Hand Weapons
 a - a +1 shortbow (weapon)
 b - a +0 dagger
 g - a +0 dagger
 h - a +0 whip
 i - a +0 club
 n - a +0 dagger
 q - a +0 trident
 u - a +0 hunting sling
Missiles
 f - 125 arrows (quivered)
 s - 179 stones
 v - 124 sling bullets
Armour
 c - a +0 robe
 d - a +0 leather armour (worn)
 j - a +0 pair of boots (worn)
 o - a +0 ring mail
 p - a +0 ring mail
 t - a +0 pair of gloves (worn)
Jewellery
 k - a ring of flight (left hand)
Scrolls
 l - a scroll of teleportation
Potions
 m - 2 potions of haste
 r - 2 potions of degeneration {unknown}
Comestibles
 e - 5 rations {!d}


   Skills:
 + Level 1.1 Fighting
 + Level 0.3 Maces & Flails
 * Level 0.5 Polearms
 + Level 3.8 Bows
 + Level 1.0 Armour
 + Level 2.4 Dodging
 + Level 0.2 Stealth
 + Level 2.2 Spellcasting
 + Level 3.8 Hexes


You had one spell level left.
You knew the following spells:

 Your Spells              Type           Power        Failure   Level  Hunger
a - Corona                Hex            ###....      4%          1    #......
b - Shackle               Hex            ###.....     7%          2    ##.....
c - Inner Flame           Hex/Fire       N/A          30%         3    ###....

Your spell library contained the following spells:

 Spells                   Type           Power        Failure   Level  Hunger
 False Image              Hex/Summ       #.......     30%         3    ###....
 Cause Fear               Hex            ###.......   41%         4    #####..
 Yara's Violent Unravell  Hex/Tmut       #.........   69%         4    #####..


Dungeon Overview and Level Annotations

Branches:
Dungeon (3/12)

Altars:
Cheibriados
Dithmenos


Message History

Aim: a bullfrog (chance to defeat MR: 51%)
The bullfrog resists with significant effort.
The bullfrog closely misses you. The bullfrog hits you!
* * * LOW HITPOINT WARNING * * *
Casting: Shackle (safe; 7% risk of failure)
Confirm with . or Enter, or press ? or * to list all spells.
Aiming: Shackle (safe; 7% risk of failure)
Press: ? - help, Shift-Dir - straight line, f/p - bullfrog
Aim: a bullfrog (chance to defeat MR: 51%)
The bullfrog resists with significant effort.
You are feeling hungry.
The bullfrog misses you.
Casting: Shackle (safe; 7% risk of failure)
Confirm with . or Enter, or press ? or * to list all spells.
Aiming: Shackle (safe; 7% risk of failure)
Press: ? - help, Shift-Dir - straight line, f/p - bullfrog
Aim: a bullfrog (chance to defeat MR: 51%)
The bullfrog resists with significant effort.
The bullfrog hits you!
You die...

#.# #.# ### #. #.#
#.# ..#.#. #.#
#.#######.#.#. #.#
#...........#. #.#
#########.###. #.#
#...<..# #. #.#
#...)).# #.
#.########......###.
#.#@F...............
#.########..........
#.# #.....###.# #.#
#.....# #.# #.#
#.....# #.. #.#
#.#.### ##. #.#
#.#.######. #.#
#.#.....†.. #.#
####.#####.§_.


You could see a bullfrog.

Vanquished Creatures
  An adder (D:1)
  A worm (D:2)
  3 dart slugs
  3 leopard geckos (D:1)
  An orc (D:3)
  3 ball pythons
  4 giant cockroaches
  8 goblins
  9 hobgoblins
  6 jackals
  10 kobolds
  A quokka (D:2)
  3 bats
  2 frilled lizards (D:1)
  5 rats
60 creatures vanquished.

Notes
Turn   | Place    | Note
-------+----------+-------------------------------------------
     0 | D:1      | Delver the Human Arcane Marksman began the quest for the
                  | Orb.
     0 | D:1      | Reached XP level 1. HP: 15/15 MP: 3/3
    48 | D:1      | Reached XP level 2. HP: 21/21 MP: 5/5
   130 | D:1      | Learned a level 2 spell: Shackle
   214 | D:1      | Reached XP level 3. HP: 26/26 MP: 6/6
   245 | D:1      | Learned a level 3 spell: Inner Flame
   272 | D:1      | Found a snail-covered altar of Cheibriados.
   286 | D:1      | Became a worshipper of Cheibriados the Contemplative
   701 | D:2      | Reached XP level 4. HP: 32/32 MP: 7/7
   712 | D:2      | Reached * piety under Cheibriados
   844 | D:2      | Found a shadowy altar of Dithmenos.
  1223 | D:2      | Reached skill level 1 in Armour
  1300 | D:3      | Reached ** piety under Cheibriados
  1411 | D:3      | Noticed a bullfrog
  1693 | D:2      | Slain by a bullfrog

Skill      XL: |  1  2  3  4 |
---------------+-------------+-----
Bows           | 3 |  3.8
Armour         | 1 |  1.0
Fighting       | |  1.1
Maces & Flails | |  0.3
Polearms       | |  0.5
Dodging        | |  2.4
Stealth        | |  0.2
Spellcasting   | |  2.2
Hexes          | |  3.8

Action                   |  1- 3 |  4- 6 || total
-------------------------+-------+-------++-------
Melee: Whip              |    35 |     4 ||    39
       Trident           |       |    45 ||    45
 Fire: Shortbow          |    52 |    63 ||   115
 Cast: Shackle           |     2 |     6 ||     8
Invok: Bend Time         |       |     1 ||     1
  Use: Potion            |     2 |     1 ||     3
       Scroll            |     2 |     4 ||     6
  Eat: Chunk             |       |     1 ||     1
Armor: Leather armour    |    21 |    20 ||    41
Dodge: Dodged            |    28 |    53 ||    81
